 Dungeon Crawl Stone Soup version 0.30-a0-23-ge60ba3568b (webtiles) character file.

Game seed: 8867536226802488112

20978 AttackTheMoon the Fighter (level 12, -7/108 HPs)
             Began as a Minotaur Fighter on Aug 25, 2022.
             Was a High Priest of Kikubaaqudgha.
             Mangled by an ettin
             ... wielding a +0 dire flail
              (29 damage)
             ... on level 1 of the Orcish Mines.
             The game lasted 00:25:12 (14672 turns).

AttackTheMoon the Fighter (Minotaur Fighter)       Turns: 14672, Time: 00:25:14

Health: -7/108     AC: 16    Str: 27    XL:     12   Next: 50%
Magic:  30/30      EV: 10    Int:  9    God:    Kikubaaqudgha [*****.]
Gold:   1533       SH:  6    Dex: 11    Spells: 19/24 levels left

rFire   . . .      SeeInvis +    D - +6 broad axe
rCold   . . .      Faith    .    c - +0 buckler
rNeg    . . .      Spirit   .    l - +0 scale mail of the Valley {Str+6}
rPois   .          Reflect  .    t - +2 hat
rElec   .          Harm     .    m - +2 cloak {rCorr}
rCorr   +          Rampage  .    (no gloves)
Will    +....                    A - +1 pair of boots of Monotheism {MP+9}
Stlth   ..........               i - amulet of the acrobat
HPRegen 0.28/turn                g - ring of willpower
MPRegen 0.22/turn                F - ring of see invisible

@: no status effects
A: horns 2, retaliatory headbutt
a: Renounce Religion, Unearth Wretches, Torment


You were on level 1 of the Orcish Mines.
You worshipped Kikubaaqudgha.
Kikubaaqudgha was extremely pleased with you.
You visited 3 branches of the dungeon, and saw 13 of its levels.
You also visited: Ossuary and Bailey.

You collected 2288 gold pieces.
You spent 755 gold pieces at shops.

Inventory:

Hand Weapons
 D - a +6 broad axe (weapon)
Missiles
 u - 2 throwing nets
Armour
 c - a +0 buckler (worn)
 l - the +0 scale mail of the Valley (worn) {Str+6}
   (You found it on level 3 of the Dungeon)

   Str:       It affects your strength (+6).
 m - a +2 cloak of preservation (worn)
 s - a +0 pair of boots of rampaging
 t - a +2 hat (worn)
 A - the +1 pair of boots of Monotheism (worn) {MP+9}
   (You bought it in a shop on level 9 of the Dungeon)

   MP:        It affects your magic capacity (+9).
 J - a +2 robe of positive energy
Jewellery
 a - a ring of protection from fire
 g - a ring of willpower (left hand)
 i - an amulet of the acrobat (around neck)
 p - an amulet of guardian spirit
 F - a ring of see invisible (right hand)
Wands
 b - a wand of flame (13)
 j - a wand of light (5)
 r - a wand of paralysis (6) (quivered)
Scrolls
 h - 5 scrolls of amnesia
 y - 3 scrolls of butterflies
 z - 3 scrolls of teleportation
 C - a scroll of fear
 I - 3 scrolls of enchant armour
Potions
 d - a potion of flight
 e - 2 potions of attraction
 f - 4 potions of mutation
 k - 2 potions of lignification
 n - 2 potions of haste
 o - 4 potions of degeneration
 q - 6 potions of curing
 w - 3 potions of resistance
 B - a potion of magic
 G - a potion of might
 H - 2 potions of brilliance
 K - 2 potions of ambrosia
 L - a potion of berserk rage


   Skills:
 + Level 10.6 Fighting
 + Level 10.2 Axes
 + Level 10.4 Armour
 + Level 10.5 Shields
 - Level 6.6 Spellcasting
 + Level 8.5 Necromancy


You had 19 spell levels left.
You knew the following spells:

 Your Spells              Type           Power      Damage    Failure   Level
a - Necrotise             Necr           72%        1d7       1%          1
b - Dispel Undead         Necr           18%        3d11      14%         4

Your spell library contained the following spells:

 Spells                   Type           Power      Damage    Failure   Level
 Vampiric Draining        Necr           18%        2d7       4%          3
 Animate Dead             Necr           18%        N/A       14%         4
 Agony                    Necr           18%        N/A       38%         5
 Foxfire                  Conj/Fire      12%        2x1d4     43%         1
 Anguish                  Hex/Necr       5%         N/A       63%         4
 Conjure Flame            Conj/Fire      3%         6-21      82%         3
 Gell's Gravitas          Tloc           3%         N/A       82%         3
 Inner Flame              Hex/Fire       3%         N/A       82%         3
 Lesser Beckoning         Tloc           3%         N/A       82%         3
 Teleport Other           Tloc           3%         N/A       82%         3
 Corpse Rot               Necr/Pois/Air  8%         N/A       83%         4
 Borgnjor's Vile Clutch   Necr/Erth      5%         N/A       93%         5
 Flame Wave               Conj/Fire      3%         2d5       99%         4
 Fulminant Prism          Conj/Hex       1%         3d6       99%         4
 Iskenderun's Mystic Bla  Conj/Tloc      3%         2d3       99%         4
 Fireball                 Conj/Fire      1%         3d3       100%        5
 Lee's Rapid Deconstruct  Erth           1%         3d5*      100%        5
 Simulacrum               Ice/Necr       5%         N/A       100%        6
 Starburst                Conj/Fire      1%         6d3       100%        6
 Malign Gateway           Summ/Tloc      1%         N/A       100%        7
 Ignition                 Fire           1%         3d3       100%        8
 Summon Horrible Things   Summ           1%         N/A       100%        8


Dungeon Overview and Level Annotations

Branches:
Dungeon (11/15)            Temple (0/1) D:5            Lair (1/5) D:8
    Orc (1/2) D:9         Ossuary (visited)          Bailey (visited)

Altars:
Cheibriados
Hepliaklqana
Kikubaaqudgha
Makhleb
Trog
Uskayaw
Wu Jian
Xom

Shops:
D:3 [   D:4 :   D:6 (=*   D:8 *   D:9 **(*


Innate Abilities, Weirdness & Mutations

You have a pair of horns on your head.
You reflexively headbutt those who attack you in melee.


Message History

The orc warrior is heavily wounded.
You slash the orc!
You kill the orc!
Kikubaaqudgha accepts your kill.
The orc warrior hits you with a +0 battleaxe.
You slash the orc warrior!
You kill the orc warrior!
Kikubaaqudgha accepts your kill.
You hit the ettin. The ettin closely misses you.
The ettin hits you with a +0 dire flail!!
You slash the ettin!
The ettin is moderately wounded.
You hit the orc.
The ettin hits you with a +0 dire flail! x2
The orc barely misses you.
You slash the orc!
You kill the orc!
Kikubaaqudgha accepts your kill.
You slash the orc sorcerer! You hit the ettin but do no damage.
You block the ettin's attack.
The ettin hits you with a +0 dire flail.
The orc sorcerer mumbles some strange words.
You slash the ettin!
The ettin is moderately wounded.
You closely miss the orc sorcerer. You block the ettin's attack.
The ettin hits you with a +0 dire flail!!
* * * LOW HITPOINT WARNING * * *
The orc sorcerer hits you but does no damage.
You are too injured to fight recklessly!
You are too injured to fight recklessly!
You are too injured to fight recklessly!
You slash the ettin!
The ettin is heavily wounded.
You hit the orc sorcerer.
The orc sorcerer hits you with a +0 dagger.
* * * LOW HITPOINT WARNING * * *
The ettin barely misses you. You furiously retaliate!
You headbutt the ettin!
The ettin hits you with a +0 dire flail!!
You die...
Kikubaaqudgha rasps: "You have failed me!
Welcome... death!"

####### ###
######.#...##..##
##..#.....$.......
#........>........
#.........)......
##......@C......
##........o......
#........3.......
##...............
#<..............
##........#.....
#.............$.
##..#.##....###.
###### ..###


You could see an ettin, a ynoxinul (summoned) and an orc sorcerer.

Vanquished Creatures
  A boulder beetle (D:11)
  2 vault guards (Bailey)
  Erica (D:11)
  2 two-headed ogres
  Lodul (D:10)
  Pikel (D:4)
  An ugly thing (D:7)
  2 cyclopes (D:11)
  Maurice (D:9)
  A black mamba (Lair:1)
  Joseph (D:9)
  3 gargoyles (D:11)
  Maggie (D:6)
  A cane toad (Lair:1)
  A hornet (D:8)
  3 trolls
  4 blink frogs
  Prince Ribbit (D:7)
  A shadow (D:9)
  3 wyverns
  A wraith (D:11)
  8 yaks
  6 humans
  Grum (D:9)
  Menkaure (D:4)
  4 wargs
  2 acid dragons (D:11)
  A water moccasin (Lair:1)
  2 ice beasts
  7 orc warriors
  A sky beast (D:7)
  10 ogres
  2 black bears
  2 wolves (D:9)
  5 centaurs
  A lemure (D:4)
  2 phantoms
  2 kobold brigands (D:11)
  12 bullfrogs
  A gnoll sergeant (D:8)
  A scorpion (D:4)
  15 wights
  5 killer bees
  4 howler monkeys
  A jelly (D:5)
  11 orc priests
  3 hounds (D:5)
  2 gnoll boudas
  3 iguanas
  19 orc wizards
  9 mummies
  Robin (D:2)
  14 gnolls
  2 adders
  A shadow imp (D:5)
  A white imp (D:6)
  3 ufetubi
  A worm (D:2)
  2 dart slugs
  54 orcs
  9 ball pythons
  3 giant cockroaches
  15 goblins
  7 hobgoblins
  7 kobolds
  7 quokkas
  5 bats
  6 frilled lizards
  A goblin zombie (D:8)
  2 hobgoblin zombies (Ossuary)
  4 kobold zombies
  3 orc zombies (Ossuary)
  3 rats
327 creatures vanquished.

Notes
Turn   | Place    | Note
-------+----------+-------------------------------------------
     0 | D:1      | AttackTheMoon the Minotaur Fighter began the quest for the
                  | Orb.
     0 | D:1      | Reached XP level 1. HP: 19/19 MP: 0/0
   202 | D:1      | Reached XP level 2. HP: 27/27 MP: 1/1
   336 | D:1      | Found a faded altar of an unknown god.
   371 | D:1      | Prayed at the altar of an unknown god.
   371 | D:1      | Became a worshipper of Kikubaaqudgha
   371 | D:1      | Reached * piety under Kikubaaqudgha
   371 | D:1      | Received a gift from Kikubaaqudgha
   826 | D:2      | Reached XP level 3. HP: 33/33 MP: 2/2
  1121 | D:2      | Noticed Robin
  1128 | D:2      | Reached ** piety under Kikubaaqudgha
  1131 | D:2      | Killed Robin
  1132 | D:2      | Reached XP level 4. HP: 23/41 MP: 3/3
  1473 | D:2      | Identified a scroll of acquirement
  1473 | D:2      | Acquired 809 gold pieces
  1735 | D:3      | Identified the +0 scale mail of the Valley {Str+6}
  1950 | D:3      | Found Urchojin's Antique Armour Boutique.
  1970 | D:3      | Bought a pair of glowing boots for 142 gold pieces
  2036 | D:4      | Found Seinlev's Book Boutique.
  2333 | D:4      | Noticed an ogre
  2336 | D:4      | Killed an ogre
  2337 | D:4      | Reached skill level 5 in Shields
  2337 | D:4      | Reached XP level 5. HP: 47/47 MP: 4/4
  2346 | D:4      | Reached skill level 5 in Fighting
  2470 | D:4      | Noticed a lemure
  2470 | D:4      | Noticed a lemure
  2471 | D:4      | Noticed a lemure
  2473 | D:4      | Killed a lemure
  2473 | D:4      | Noticed Pikel
  2474 | D:4      | Noticed a lemure
  2477 | D:4      | Noticed Menkaure
  2485 | D:4      | Killed Pikel
  2486 | D:4      | Reached skill level 5 in Axes
  2486 | D:4      | Reached skill level 5 in Armour
  2486 | D:4      | Reached XP level 6. HP: 43/57 MP: 3/5
  2486 | D:4      | Reached XP level 7. HP: 48/63 MP: 3/6
  2487 | D:4      | Killed Menkaure
  2992 | D:5      | Entered Level 5 of the Dungeon
  3004 | D:5      | Reached XP level 8. HP: 55/71 MP: 3/7
  3004 | D:5      | Reached XP level 9. HP: 61/78 MP: 3/17
  3009 | D:5      | Learned a level 1 spell: Necrotise
  3124 | D:5      | Found a burning altar of Makhleb.
  3330 | D:5      | Found a hazy altar of Hepliaklqana.
  3498 | D:5      | Found a staircase to the Ecumenical Temple.
  3696 | D:5      | Reached *** piety under Kikubaaqudgha
  3696 | D:5      | Received a gift from Kikubaaqudgha
  3803 | D:6      | Noticed Maggie
  3818 | D:6      | Killed Maggie
  4129 | D:6      | Found Tekurois's Assorted Antiques.
  4582 | D:6      | Found an ornate altar of the Wu Jian Council.
  4614 | D:6      | Found Xuminn's Weapon Shop.
  4711 | D:6      | Found Cituwo's Jewellery Shop.
  5181 | D:7      | Noticed a troll
  5219 | D:7      | Noticed Prince Ribbit
  5230 | D:7      | Killed Prince Ribbit
  5401 | D:7      | Found a flagged portal.
  5410 | Bailey   | Entered a bailey
  5472 | Bailey   | Reached XP level 10. HP: 53/86 MP: 11/18
  5621 | Bailey   | Noticed a vault guard
  5638 | Bailey   | Killed a vault guard
  5860 | Bailey   | Noticed a vault guard
  5876 | Bailey   | Killed a vault guard
  6574 | D:7      | Reached **** piety under Kikubaaqudgha
  7216 | D:7      | Found a hide-covered altar of Uskayaw.
  7339 | D:7      | Noticed a red ugly thing
  7340 | D:7      | You fall into a shaft and drop 3 floors!
  7340 | D:10     | Entered Level 10 of the Dungeon
  7447 | D:9      | Found a bloodstained altar of Trog.
  7586 | D:9      | Found Gaaf's Assorted Antiques.
  7593 | D:9      | Bought a pair of heavily runed boots for 266 gold pieces
  7593 | D:9      | Identified the +1 pair of boots of Monotheism {MP+9} (You
                  | bought it in a shop on level 9 of the Dungeon)
  7617 | D:8      | Reached XP level 11. HP: 73/95 MP: 18/19
  7640 | D:8      | Found Odeir's CLEARANCE SALE!.
  7645 | D:8      | Bought a scroll of identify for 10 gold pieces
  7645 | D:8      | Bought a scroll of enchant weapon for 37 gold pieces
  8148 | D:8      | Found a sand-covered staircase.
  8153 | Ossuary  | Entered an ossuary
  8159 | Ossuary  | Learned a level 4 spell: Dispel Undead
  8493 | D:8      | Reached ***** piety under Kikubaaqudgha
  8528 | D:8      | Found a shimmering altar of Xom.
  8535 | D:8      | Found a shimmering altar of Xom.
  8588 | D:8      | Found a staircase to the Lair.
  8632 | D:8      | Found a shimmering altar of Xom.
  8640 | D:8      | Found a snail-covered altar of Cheibriados.
  8754 | D:8      | Found a shimmering altar of Xom.
  8757 | D:8      | Found a shimmering altar of Xom.
  8757 | D:8      | Found a shimmering altar of Xom.
  8758 | D:8      | Found a shimmering altar of Xom.
  9034 | D:7      | Killed a red ugly thing
  9506 | D:9      | Bought a thin beryl amulet for 140 gold pieces
  9587 | D:9      | Found Seaheota's General Store.
  9590 | D:9      | Bought a scroll of identify for 32 gold pieces
  9590 | D:9      | Bought a scroll of identify for 32 gold pieces
  9623 | D:9      | Found a staircase to the Orcish Mines.
  9754 | D:9      | Noticed Maurice
  9756 | D:9      | Found Kuwn's Assorted Antiques.
  9763 | D:9      | Killed Maurice
  9799 | D:9      | Bought a scroll of identify for 48 gold pieces
  9799 | D:9      | Bought a scroll of identify for 48 gold pieces
  9859 | D:9      | Found Cattiol's Antique Weapon Boutique.
  9994 | D:9      | Noticed Grum
  9999 | D:9      | Killed Grum
 10143 | D:9      | Noticed Joseph
 10153 | D:9      | Killed Joseph
 10931 | D:10     | Noticed a two-headed ogre
 10942 | D:10     | Killed a two-headed ogre
 11244 | D:10     | Noticed Lodul
 11259 | D:10     | Killed Lodul
 11785 | Lair:1   | Entered Level 1 of the Lair of Beasts
 12031 | Lair:1   | Reached XP level 12. HP: 53/106 MP: 21/21
 12623 | D:11     | Reached skill level 10 in Fighting
 12709 | D:11     | Reached skill level 10 in Shields
 13337 | D:11     | Reached skill level 10 in Armour
 13520 | D:11     | Noticed a boulder beetle
 13530 | D:11     | Killed a boulder beetle
 13708 | D:11     | Noticed a boulder beetle
 13708 | D:11     | Noticed a two-headed ogre
 13718 | D:11     | Killed a two-headed ogre
 13719 | D:11     | Reached skill level 10 in Axes
 14070 | D:11     | Noticed a seven-headed hydra
 14416 | D:11     | Noticed an eight-headed hydra
 14423 | D:11     | Noticed Erica
 14435 | D:11     | Killed Erica
 14657 | Orc:1    | Entered Level 1 of the Orcish Mines
 14663 | Orc:1    | Noticed an ettin
 14672 | Orc:1    | Mangled by an ettin

Illustrated notes

Levels and vault maps discovered:
D:1:      erik_arrival_blinker_ship, layout_loops_cross,
          shapermc_ecumenical_altar_totnotflames
D:2:      layout_basic, uniq_robin
D:3:      layout_basic, serial_shops, nicolae_shop_trees
D:4:      layout_basic, serial_shops, shop, amethyst_killhole, uniq_pikel,
          uniq_menkaure
D:5:      layout_basic, mainiacjoe_overflow_surrounded_room,
          makhleb_blood_cavern_becter, minmay_temple_entry_tees,
          minmay_stone_trees_medium
D:6:      layout_rooms, pdpol_wu_jian_five_deadly_venoms, serial_shops,
          nicolae_shop_bloodbath_and_beyond, nicolae_shop_crystal,
          nicolae_inconvenience_store, hangedman_abyss_or_decor_stagger,
          uniq_maggie
D:7:      layout_gridville, nicolae_uskayaw_suspiria, enter_bailey_2,
          nicolae_fountain_basement, uniq_prince_ribbit1
D:8:      layout_basic, xom_shifter_show, mainiacjoe_overflow_small_starburst,
          erik_lair_orcish_takeover, nicolae_ossuary_entry_giza,
          nicolae_shop_clearance
D:9:      layout_basic, nicolae_overflow_crystal_walls, erik_orc_4,
          serial_shops, nicolae_shop_window_shopping, shop,
          nicolae_diamond_shop, nicolae_shop_behind_doors, uniq_joseph,
          uniq_grum, uniq_maurice
D:10:     layout_gridville, uniq_lodul
D:11:     minmay_bubble_buster, layout_layer_cave, chequers_decorated_corner,
          uniq_erica
Lair:1:   layout_chaotic_city
Orc:1:    layout_caves

Skill      XL: |  1  2  3  4  5  6  7  8  9 10 11 12 |
---------------+-------------------------------------+-----
Shields        | 4 5 6 7 8 9 10 | 10.5
Armour         | 4 5 6 7 8 9 10 | 10.4
Fighting       | 4 6 7 8 9 10 | 10.6
Axes           | 3 4 5 6 7 9 10 | 10.2
Spellcasting   | 6 |  6.6
Necromancy     | 6 7 8 |  8.5

Action                   |  1- 3 |  4- 6 |  7- 9 | 10-12 || total
-------------------------+-------+-------+-------+-------++-------
Melee: War axe           |    71 |    55 |   190 |   187 ||   503
       Headbutt          |    10 |     8 |    38 |    84 ||   140
       Broad axe         |       |       |       |   331 ||   331
 Cast: Necrotise         |       |       |     7 |     2 ||     9
       Dispel Undead     |       |       |       |     3 ||     3
Invok: Torment           |       |       |       |     2 ||     2
Evoke: Wand              |       |     4 |    19 |     8 ||    31
  Use: Scroll            |     1 |    12 |     7 |    22 ||    42
       Potion            |     1 |     1 |     3 |     9 ||    14
 Stab: Paralysed         |       |       |       |     6 ||     6
       Invisible         |       |       |       |     6 ||     6
Armor: Scale mail        |    41 |    27 |    96 |   238 ||   402
       Skin              |       |       |    21 |       ||    21
Dodge: Dodged            |    31 |    27 |    80 |   259 ||   397
Block: Buckler           |    11 |     9 |    42 |   174 ||   236

Table legend: (Time is in decaauts)
 A = Elapsed time spent in this place.
 B = Non-inter-level travel time spent in this place.
 C = Inter-level travel time spent in this place.
 D = Time resting spent in this place.
 E = Time spent auto-exploring this place.
 F = Levels seen in this place.
 G = Mean time per level.
                   A        B        C        D        E       F      G
               +--------+--------+--------+--------+--------+-----+--------+
         Total |  14826 |  14335 |    491 |   2604 |   9404 |  15 |  988.4 |
       Dungeon |  13216 |  12754 |    462 |   2372 |   8433 |  11 | 1201.5 |
          Lair |    293 |    266 |     27 |      0 |    189 |   1 |  293.0 |
  Orcish Mines |     15 |     15 |      0 |      0 |      4 |   1 |   15.0 |
       Ossuary |    257 |    257 |      0 |     12 |    137 |   1 |  257.0 |
        Bailey |   1042 |   1042 |      0 |    220 |    641 |   1 | 1042.0 |
               +--------+--------+--------+--------+--------+-----+--------+

Top non-repeatable levels by time:
    D:11: 2226 daAuts
     D:6: 1777 daAuts
     D:8: 1743 daAuts
    D:10: 1427 daAuts
     D:9: 1189 daAuts
  Bailey: 1042 daAuts
     D:7: 1017 daAuts
     D:4: 1005 daAuts
     D:1: 826 daAuts
     D:5: 792 daAuts
     D:2: 711 daAuts
     D:3: 499 daAuts
  Lair:1: 293 daAuts
 Ossuary: 257 daAuts
   Orc:1: 15 daAuts
